 Dungeon Crawl Stone Soup version 0.30-a0-920-g7493c07aab (webtiles) character file.

Game seed: 1093233382375303396

4 ytrimaz the Trooper (level 1, 0/23 HPs)
             Began as an Ogre Gladiator on Mar 21, 2023.
             Slain by a frilled lizard (2 damage)
             ... on level 1 of the Dungeon.
             The game lasted 00:00:18 (99 turns).

ytrimaz the Trooper (Ogre Gladiator)                  Turns: 99, Time: 00:00:18

Health: 0/23       AC:  3    Str: 17    XL:     1   Next: 70%
Magic:  1/1        EV: 10    Int:  9    God:
Gold:   0          SH:  0    Dex: 10    Spells: 0/0 levels left

rFire   . . .      SeeInvis .    a - +0 flail
rCold   . . .      Faith    .    (no shield)
rNeg    . . .      Spirit   .    b - +0 robe
rPois   .          Reflect  .    c - +0 hat
rElec   .          Rampage  .    (no cloak)
rCorr   .                        (gloves unavailable)
Will    .....                    (boots unavailable)
Stlth   +                        (no amulet)
HPRegen 0.23/turn                (no ring)
MPRegen 0.07/turn                (no ring)

@: no status effects
A: large, unfitting armour, tough skin 1
a: no special abilities


You were on level 1 of the Dungeon.
You visited 1 branch of the dungeon, and saw 1 of its levels.


Innate Abilities, Weirdness & Mutations

You are too large for most types of armour.
You have tough skin. (AC +1)


   Skills:
 + Level 3.3 Fighting
 - Level 2.6 Maces & Flails
 - Level 2.0 Throwing
 - Level 2.6 Dodging


You couldn't memorise any spells.
You didn't know any spells.
Your spell library was empty.

Inventory:

Hand Weapons
 a - a +0 flail (weapon)
Missiles
 d - 3 throwing nets (quivered)
 e - a large rock
Armour
 b - a +0 robe (worn)
 c - a +0 hat (worn)
Scrolls
 f - a scroll of amnesia {unknown}
 g - 2 scrolls of teleportation {unknown}
 h - a scroll of identify {unknown}

Dungeon Overview and Level Annotations

Branches:
Dungeon (1/15) Zot: 5895

Altars:

##. #..#
#..##.l#
.#.....†#
........#
##......#
#..g.g.###
####...hg#
..#####l# ##.
##.# #@#
..##..# #.#
.....## #.#
#.##..## #.##
##
#..#...###..#
#..
#..#.#..###.##
#..
#.#..##..##..##
..##
#.##.###..##..#
...####.#..#
##..##.#


You could see a jackal, a hobgoblin and a frilled lizard.


Message History

The slug dart hits you. 😮 HP[-3]
You take 3 damage, and now have 16/22 hp.
You are too injured to fight recklessly!
Unknown command.
You hit the dart slug. The dart slug bites you. 😮 HP[-1]
You take 1 damage, and now have 15/22 hp.
You are too injured to fight recklessly!
You sock the dart slug!
You kill the dart slug!
A jackal comes into view.
The goblin hits you but does no damage. The goblin closely misses you.
Your Fighting skill increases to level 3! 😮 HP[+1]
You now have 23 max hp (+1).
You are too injured to fight recklessly!
A frilled lizard comes into view.
The frilled lizard hisses angrily.
The goblin hits you with a +0 club.
You see here a dart slug corpse. 😮 HP[-2]
You take 2 damage, and now have 14/23 hp.
Unknown command.
You are too injured to fight recklessly!
You barely miss the goblin. The goblin hits you with a +0 club.
* * * LOW HITPOINT WARNING * * *
The goblin hits you with a +0 dagger.
* * * LOW HITPOINT WARNING * * *
You are too injured to fight recklessly!
Unknown command. 😨 HP[-6]
You take 6 damage, and now have 8/23 hp.
MASSIVE DAMAGE!! (PAUSE)
The goblin hits you with a +0 club.
* * * LOW HITPOINT WARNING * * *
The goblin hits you but does no damage.
A hobgoblin comes into view. 😨 HP[-1]
You take 1 damage, and now have 7/23 hp.
Unknown command.
The goblin attacks as you move away! The goblin completely misses you.
The hobgoblin shouts!
The goblin barely misses you. 😨 HP[+1]
The goblin attacks as you move away! The goblin hits you with a +0 club.
* * * LOW HITPOINT WARNING * * *
😨 HP[-2]
You take 2 damage, and now have 6/23 hp.
The goblin attacks as you move away! The goblin hits you but does no damage.
The goblin attacks as you move away! The goblin barely misses you. 😨 HP[+1]
The goblin attacks as you move away! The goblin closely misses you.
You hit the goblin.
You kill the goblin!
The goblin hits you with a +0 club.
* * * LOW HITPOINT WARNING * * *
You see here a +0 dagger. 😱 HP[-2]
You take 2 damage, and now have 5/23 hp.
Unknown command.
You barely miss the goblin. The goblin misses you. 😨 HP[+1]
The jackal barks!
You hit the goblin.
You hear an angry hiss.
You hear a bark!
The goblin hits you but does no damage. The goblin barely misses you.
You barely miss the goblin. The goblin hits you with a +0 club.
* * * LOW HITPOINT WARNING * * *
😱 HP[-3]
You take 3 damage, and now have 3/23 hp.
Unknown command.
You sock the goblin!
You kill the goblin!
You aren't carrying any potions.
Unknown command.
You aren't carrying any potions.
Unknown command.
You closely miss the frilled lizard.
The frilled lizard closely misses you. 😱 HP[+1]
You miss the frilled lizard. The frilled lizard bites you.
* * * LOW HITPOINT WARNING * * *
A jackal comes into view.
The frilled lizard barely misses you. 😱 HP[-2]
You take 2 damage, and now have 2/23 hp.
Unknown command.
You completely miss the frilled lizard. The frilled lizard bites you.
* * * LOW HITPOINT WARNING * * *
😱 HP[-1]
You take 1 damage, and now have 1/23 hp.
Unknown command.
You closely miss the frilled lizard.
The frilled lizard barely misses you. 😱 HP[+1] Unknown command.
You barely miss the frilled lizard. The frilled lizard closely misses you.
Unknown command.
You miss the frilled lizard. The frilled lizard barely misses you.
The frilled lizard bites you.
You die...

Skill      XL: |  1 |
---------------+----+-----
Fighting       | 3 |  3.3
Maces & Flails | |  2.6
Throwing       | |  2.0
Dodging        | |  2.6

Action                     || total
---------------------------++-------
  Melee: Flail             ||    16
 Armour: Robe              ||     4
  Dodge: Dodged            ||    14

Levels and vault maps discovered:
D:1:      dpeg_chamrin_arrival_tetris, layout_basic

Notes
Turn   | Place    | Note
-------+----------+-------------------------------------------
     0 | D:1      | ytrimaz the Ogre Gladiator began the quest for the Orb.
     0 | D:1      | Reached XP level 1. HP: 22/22 MP: 1/1
     0 | D:1      | magus.rc [v1.9.6]
    79 | D:1      | Reached skill level 3 in Fighting
    89 | D:1      | HP: 5/23 [goblin/+0 club (2)]
    95 | D:1      | HP: 2/23 [frilled lizard (2)]
    99 | D:1      | Slain by a frilled lizard

Vanquished Creatures
  A dart slug (D:1)
  2 goblins (D:1)
3 creatures vanquished.

Table legend:
 A = Non-vault XP
 B = Vault XP
 C = Vault XP percentage of total XP
 D = Non-vault monster count
 E = Vault monster count
 F = Vault count percentage of total count
                 A         B        C        D         E       F
            +---------+---------+-------+---------+---------+-------
      Total |       7 |       0 |   0.0 |       3 |       0 |   0.0
            +---------+---------+-------+---------+---------+-------
        D:1 |       7 |       0 |   0.0 |       3 |       0 |   0.0
            +---------+---------+-------+---------+---------+-------

Illustrated notes

Table legend:
 A = Kills in this place as a percentage of kills in the entire game.
 B = Kills by you in this place as a percentage of kills by you in the entire game.
 C = Kills by friends in this place as a percentage of kills by friends in the entire game.
 D = Other kills in this place as a percentage of other kills in the entire game.
 E = Experience gained in this place as a percentage of experience gained in the entire game.
 F = Experience gained in this place divided by the number of levels of this place that you have seen.
                   A       B       C       D       E      F
               +-------+-------+-------+-------+-------+----------------------
         Total | 100.0 | 100.0 |   N/A |   N/A | 100.0 |   7.0
       Dungeon | 100.0 | 100.0 |   N/A |   N/A | 100.0 |   7.0
               +-------+-------+-------+-------+-------+----------------------

Table legend: (Time is in decaauts)
 A = Elapsed time spent in this place.
 B = Non-inter-level travel time spent in this place.
 C = Inter-level travel time spent in this place.
 D = Time resting spent in this place.
 E = Time spent auto-exploring this place.
 F = Levels seen in this place.
 G = Mean time per level.
                   A        B        C        D        E       F      G
               +--------+--------+--------+--------+--------+-----+--------+
         Total |    102 |    102 |      0 |      0 |     68 |   1 |  102.0 |
       Dungeon |    102 |    102 |      0 |      0 |     68 |   1 |  102.0 |
               +--------+--------+--------+--------+--------+-----+--------+

Top non-repeatable levels by time:
     D:1: 102 daAuts
